[Event "42nd Olympiad Baku 2016 Women"]
[Site "Baku"]
[Date "2016.09.05"]
[Round "4.5"]
[White "Unuk, Laura"]
[Black "Bakri, Alia Anin Azwa"]
[Result "1-0"]
[ECO "D30"]
[WhiteElo "2332"]
[BlackElo "1923"]
[Annotator ""]
[PlyCount "97"]
[EventDate "2016.??.??"]
[EventCountry "AZE"]
[SourceTitle "playchess.com"]
[Source "ChessBase"]
[WhiteTeam "Slovenia"]
[BlackTeam "Malaysia"]
[WhiteTeamCountry "SLO"]
[BlackTeamCountry "MAS"]
[TimeControl "40/5400+30:1800+30"]

1. d4 {(00:00)} d5 {(00:00)} 2. c4 {(00:00)} e6 {(
00:07)} 3. Nf3 {(00:08)} Nf6 {(00:09)} 4. g3 {(00:20)}
Bb4+ {(01:17)} 5. Bd2 {(00:13)} Be7 {(00:36)} 6. Bg2 {
(00:10)} O-O {(00:18)} 7. O-O {(00:20)} c6 {(01:06]
} 8. Qc2 {(01:12)} b6 {(00:49)} 9. Bf4 {(01:39)} Ba6 {
(01:00)} 10. Ne5 {(11:19)} Nfd7 {(03:37)} 11. cxd5 {
(04:24)} cxd5 {(03:11)} 12. Rd1 {(05:02)} Qc8 {(07:
35)} 13. Qxc8 {(10:32)} Rxc8 {(00:30)} 14. e4 {(00:06)}
Nxe5 {(08:21)} 15. Bxe5 {(04:07)} Bb7 {(06:26)} 16. exd5 {
(06:22)} Bxd5 {(00:45)} 17. Bxd5 {(00:13)} exd5 {(
00:02)} 18. Nc3 {(00:06)} Rd8 {(01:35)} 19. Rac1 {(00:07)}
Na6 {(20:39)} 20. Nb5 {(14:19)} f6 {(03:50)} 21. Bf4 {
(00:17)} Rd7 {(09:13)} 22. h4 {(00:50)} Kf7 {(01:
13)} 23. Kg2 {(01:08)} Re8 {(03:45)} 24. a3 {(04:10)} Bf8
{(02:59)} 25. Kf3 {(01:18)} Be7 {(00:33)} 26. Re1 {
(03:16)} Red8 {(01:12)} 27. Re2 {(04:47)} Rf8 {(06:
07)} 28. Rce1 {(01:11)} Rfd8 {(00:58)} 29. Re3 {(06:12)}
Bf8 {(01:55)} 30. Rc3 {(00:58)} Be7 {(02:13)} 31. Rec1 {
(00:43)} Kf8 {(02:23)} 32. Rc8 {(01:20)} Ke8 {(01:
25)} 33. Kg4 {(02:37)} g6 {(02:39)} 34. Kf3 {(00:31)} Bf8
{(05:05)} 35. Re1+ {(01:49)} Be7 {(00:28)} 36. Nd6+ {
(03:07)} Kf8 {(00:32)} 37. Bh6+ {(01:40)} Kg8 {(00:
27)} 38. Rxd8+ {(03:47)} Rxd8 {(00:27)} 39. Rxe7 {(00:15)}
Rxd6 {(00:39)} 40. Rg7+ {(00:00)} Kh8 {(00:00)} 41. Rxa7 {
(02:30)} Nb8 {(01:19)} 42. Ra8 {(01:14)} Rd8 {(00:
19)} 43. Bf4 {(00:20)} Nc6 {(00:20)} 44. Rxd8+ {(00:08)}
Nxd8 {(00:02)} 45. Bc7 {(00:10)} Nc6 {(01:01)} 46. Bxb6 {
(00:06)} Kg7 {(00:42)} 47. b4 {(00:23)} Kf7 {(00:
54)} 48. b5 {(00:29)} Ne7 {(01:01)} 49. Bc5 {(05:55)} 1-0

[Event "42nd Olympiad Baku 2016 Women"]
[Site "Baku"]
[Date "2016.09.05"]
[Round "4.26"]
[White "Vangsgaard, Freja"]
[Black "Menon Jayadev, Poornima"]
[Result "1-0"]
[ECO "D31"]
[WhiteElo "1983"]
[BlackElo "1837"]
[Annotator ""]
[PlyCount "107"]
[EventDate "2016.??.??"]
[EventCountry "AZE"]
[SourceTitle "playchess.com"]
[Source "ChessBase"]
[WhiteTeam "Denmark"]
[BlackTeam "Ireland"]
[WhiteTeamCountry "DEN"]
[BlackTeamCountry "IRL"]
[TimeControl "40/5400+30:1800+30"]

1. d4 {(00:00)} d5 {(00:00)} 2. c4 {(00:00)} e6 {(
00:00)} 3. Nc3 {(00:00)} Be7 {(00:00)} 4. cxd5 {(00:25)}
exd5 {(00:00)} 5. Bf4 {(00:17)} c6 {(00:08)} 6. Qc2 {
(00:45)} Bd6 {(00:53)} 7. Bg3 {(02:45)} Ne7 {(01:
11)} 8. e3 {(01:06)} Bf5 {(02:24)} 9. Qd2 {(03:41)} O-O {
(04:50)} 10. Be2 {(03:49)} Ng6 {(05:25)} 11. Bxd6 {
(04:23)} Qxd6 {(00:24)} 12. g4 {(00:42)} Bc8 {(12:
29)} 13. h4 {(05:16)} h6 {(24:17)} 14. g5 {(08:52)} Ne7 {
(02:49)} 15. gxh6 {(03:15)} Qxh6 {(01:52)} 16. O-O-O {
(01:47)} Bf5 {(05:14)} 17. Nf3 {(01:33)} Nd7 {(06:
37)} 18. Rdg1 {(01:49)} Nf6 {(03:04)} 19. Rg5 {(05:41)}
Ne4 {(12:10)} 20. Nxe4 {(01:47)} dxe4 {(01:13)} 21. Ne5 {
(01:07)} c5 {(08:24)} 22. dxc5 {(06:02)} Rac8 {(02:
45)} 23. Kb1 {(13:42)} Rxc5 {(00:35)} 24. Nc4 {(11:46)} b5
{(01:45)} 25. Qd6 {(02:27)} Qxd6 {(01:22)} 26. Nxd6 {
(00:02)} f6 {(00:39)} 27. Rg2 {(02:06)} a6 {(00:15]
} 28. h5 {(09:57)} Bh7 {(00:34)} 29. Bd1 {(03:48)} Rg5 {
(01:01)} 30. Bb3+ {(00:13)} Kh8 {(00:56)} 31. Nf7+ {
(00:11)} Rxf7 {(00:16)} 32. Rxg5 {(00:02)} fxg5 {(
00:29)} 33. Bxf7 {(00:03)} Nf5 {(00:24)} 34. Rd1 {(00:58)}
Bg8 {(00:31)} 35. Rd8 {(00:32)} Nh6 {(00:44)} 36. Bd5 {
(00:49)} g4 {(01:15)} 37. Bxe4 {(01:35)} Nf7 {(00:
23)} 38. Ra8 {(00:32)} a5 {(00:16)} 39. Bd5 {(00:54)} Kh7
{(00:28)} 40. Be4+ {(00:00)} Kh8 {(00:00)} 41. Bf5 {
(01:51)} Nh6 {(03:49)} 42. Bg6 {(00:56)} a4 {(02:
31)} 43. a3 {(02:50)} g3 {(00:40)} 44. fxg3 {(00:10)} Ng4
{(00:18)} 45. Bf7 {(01:39)} Nf6 {(01:06)} 46. Kc2 {
(00:53)} Kh7 {(00:41)} 47. Bxg8+ {(00:14)} Nxg8 {(
00:07)} 48. Rxg8 {(00:14)} Kxg8 {(00:09)} 49. g4 {(00:44)}
Kf7 {(03:29)} 50. g5 {(00:19)} Ke6 {(00:42)} 51. e4 {
(00:15)} Ke5 {(00:47)} 52. Kd3 {(00:09)} Ke6 {(00:
26)} 53. Kd4 {(00:08)} Kd6 {(00:11)} 54. h6 {(00:14] Kd5+}
1-0

[Event "42nd Olympiad Baku 2016 Women"]
[Site "Baku"]
[Date "2016.09.05"]
[Round "4.6"]
[White "Vega Gutierrez, Sabrina"]
[Black "Hoang, Thi Bao Tram"]
[Result "1-0"]
[ECO "B13"]
[WhiteElo "2411"]
[BlackElo "2325"]
[Annotator ""]
[PlyCount "75"]
[EventDate "2016.??.??"]
[EventCountry "AZE"]
[SourceTitle "playchess.com"]
[Source "ChessBase"]
[WhiteTeam "Spain"]
[BlackTeam "Vietnam"]
[WhiteTeamCountry "ESP"]
[BlackTeamCountry "VIE"]
[TimeControl "40/5400+30:1800+30"]

1. e4 {(00:00)} c6 {(00:00)} 2. d4 {(00:00)} d5 {(
00:03)} 3. exd5 {(00:08)} cxd5 {(00:08)} 4. Bd3 {(00:05)}
Nc6 {(00:29)} 5. c3 {(00:16)} Nf6 {(02:09)} 6. Bf4 {
(00:37)} Bg4 {(02:07)} 7. Qb3 {(00:56)} Qc8 {(00:
44)} 8. Nd2 {(00:26)} e6 {(00:15)} 9. Ngf3 {(00:30)} Be7 {
(00:21)} 10. O-O {(02:21)} O-O {(00:35)} 11. Rfe1 {
(02:33)} Bh5 {(02:06)} 12. Ne5 {(04:20)} Bg6 {(07:
17)} 13. Nxg6 {(22:56)} hxg6 {(03:51)} 14. Nf3 {(00:10)}
a6 {(03:44)} 15. a4 {(06:48)} Na5 {(04:56)} 16. Qc2 {
(00:50)} Nc4 {(00:20)} 17. a5 {(07:34)} Bd8 {(09:
21)} 18. Bxc4 {(04:10)} Qxc4 {(02:41)} 19. Bd6 {(00:07)}
Re8 {(00:25)} 20. Ne5 {(00:40)} Qc8 {(00:46)} 21. Ra4 {
(18:45)} Ne4 {(04:09)} 22. Rxe4 {(01:08)} dxe4 {(
00:12)} 23. Rc4 {(00:06)} Bxa5 {(17:56)} 24. Rxc8 {(00:12]
} Raxc8 {(00:09)} 25. Qa4 {(03:59)} Red8 {(01:38)} 26.
Qxa5 {(05:00)} Rxd6 {(00:20)} 27. Qb4 {(00:04)} Rdd8 {
(03:46)} 28. Qxb7 {(00:05)} Rf8 {(00:10)} 29. Nc6 {
(00:14)} Rce8 {(03:12)} 30. Ne7+ {(03:18)} Kh8 {(
00:20)} 31. Qxe4 {(00:47)} g5 {(00:15)} 32. Nc6 {(01:36)}
f6 {(01:54)} 33. h4 {(01:06)} gxh4 {(00:45)} 34. Qxh4+ {
(00:04)} Kg8 {(00:07)} 35. Qh5 {(00:43)} Rf7 {(01:
34)} 36. Nb4 {(04:59)} Ra8 {(03:23)} 37. Qe2 {(01:26)} a5
{(01:58)} 38. Nc6 {(00:12)} 1-0

[Event "42nd Olympiad Baku 2016 Women"]
[Site "Baku"]
[Date "2016.09.05"]
[Round "4.7"]
[White "Vidic, Teja"]
[Black "Azman Hisham, Nur Najiha"]
[Result "1/2-1/2"]
[ECO "B40"]
[WhiteElo "2121"]
[BlackElo "1973"]
[Annotator ""]
[PlyCount "74"]
[EventDate "2016.??.??"]
[EventCountry "AZE"]
[SourceTitle "playchess.com"]
[Source "ChessBase"]
[WhiteTeam "Slovenia"]
[BlackTeam "Malaysia"]
[WhiteTeamCountry "SLO"]
[BlackTeamCountry "MAS"]
[TimeControl "40/5400+30:1800+30"]

1. e4 {(00:00)} c5 {(00:00)} 2. Nf3 {(00:00)} e6 {(
00:14)} 3. g3 {(00:00)} Nc6 {(01:22)} 4. Bg2 {(00:00)} d5
{(03:32)} 5. exd5 {(00:57)} exd5 {(00:22)} 6. d4 {(
00:22)} Nf6 {(03:20)} 7. O-O {(03:23)} Be7 {(10:14)} 8.
dxc5 {(10:09)} O-O {(02:15)} 9. Nbd2 {(02:20)} Bxc5 {
(09:45)} 10. Nb3 {(00:20)} Bb6 {(00:36)} 11. c3 {(
07:31)} h6 {(05:10)} 12. Nfd4 {(07:41)} Bg4 {(05:52)} 13.
Qd3 {(02:30)} Qd7 {(04:30)} 14. Nxc6 {(04:30)} bxc6 {
(03:54)} 15. Be3 {(02:16)} Rfe8 {(11:38)} 16. Rfe1 {
(02:28)} Bxe3 {(01:33)} 17. Rxe3 {(00:49)} Rxe3 {(
00:47)} 18. Qxe3 {(00:16)} Re8 {(00:11)} 19. Qc5 {(10:01)}
Ne4 {(23:24)} 20. Qb4 {(11:45)} Bh3 {(04:15)} 21. Nc5 {
(05:55)} Qf5 {(02:38)} 22. Nxe4 {(02:10)} dxe4 {(
01:39)} 23. Bxh3 {(01:57)} Qxh3 {(00:05)} 24. Re1 {(02:32]
} Qf5 {(00:52)} 25. Qd4 {(06:55)} c5 {(02:23)} 26. Qe3 {
(00:08)} Qd5 {(00:17)} 27. b3 {(02:26)} f5 {(00:12]
} 28. c4 {(05:35)} Qd4 {(01:07)} 29. Qf4 {(01:32)} Re5 {
(00:53)} 30. h4 {(01:17)} a5 {(00:05)} 31. Kg2 {(
01:50)} Kh7 {(00:12)} 32. Re2 {(00:52)} Qd6 {(00:50)} 33.
Rd2 {(01:32)} Qe6 {(00:05)} 34. Qe3 {(00:58)} Kg6 {
(01:43)} 35. Qf4 {(01:53)} Kh7 {(00:04)} 36. Qe3 {(
00:09)} Kg6 {(00:05)} 37. Qf4 {(02:10)} Kh7 {(00:04)}
1/2-1/2

[Event "42nd Olympiad Baku 2016 Women"]
[Site "Baku"]
[Date "2016.09.05"]
[Round "4.31"]
[White "Vongvastana, Chananchida"]
[Black "Avalos, Leticia"]
[Result "0-1"]
[ECO "C00"]
[WhiteElo "1594"]
[BlackElo "1729"]
[Annotator ""]
[PlyCount "60"]
[EventDate "2016.??.??"]
[EventCountry "AZE"]
[SourceTitle "playchess.com"]
[Source "ChessBase"]
[WhiteTeam "Thailand"]
[BlackTeam "Paraguay"]
[WhiteTeamCountry "THA"]
[BlackTeamCountry "PAR"]
[TimeControl "40/5400+30:1800+30"]

1. e4 {(00:00)} e6 {(00:00)} 2. Qe2 {(00:00)} Nf6 {
(01:13)} 3. Nc3 {(00:50)} d5 {(01:01)} 4. d3 {(05:
00)} h6 {(09:11)} 5. Nf3 {(01:14)} b6 {(02:20)} 6. g3 {
(01:41)} Bb7 {(00:17)} 7. Bg2 {(00:47)} Bb4 {(04:
33)} 8. exd5 {(04:58)} Nxd5 {(02:07)} 9. Bd2 {(01:32)}
Nxc3 {(01:07)} 10. Bxc3 {(01:41)} Bxc3+ {(03:55)} 11. bxc3
{(00:11)} Qf6 {(00:50)} 12. d4 {(04:17)} Nd7 {(00:
29)} 13. O-O {(01:00)} Rd8 {(07:32)} 14. Rfd1 {(04:21)}
O-O {(02:06)} 15. Ne5 {(27:08)} Bxg2 {(04:17)} 16. Nxd7 {
(00:14)} Rxd7 {(05:13)} 17. Kxg2 {(00:12)} Rfd8 {(
00:59)} 18. Rd3 {(05:25)} c5 {(06:58)} 19. Rad1 {(02:05)}
cxd4 {(01:05)} 20. Qe4 {(06:43)} e5 {(08:28)} 21. f4 {
(10:18)} exf4 {(05:37)} 22. gxf4 {(00:13)} Re7 {(
01:49)} 23. Qf3 {(00:25)} Rde8 {(03:45)} 24. R1d2 {(08:29]
} dxc3 {(06:47)} 25. Rxc3 {(01:13)} Re4 {(03:51)} 26. Kg3
{(04:56)} g5 {(00:36)} 27. Rcd3 {(04:29)} Rxf4 {(
03:52)} 28. Qb7 {(01:49)} h5 {(01:30)} 29. Qc7 {(01:13)}
Rg4+ {(00:54)} 30. Kh3 {(00:44)} Qf1+ {(00:14)} 0-1

[Event "42nd Olympiad Baku 2016 Women"]
[Site "Baku"]
[Date "2016.09.05"]
[Round "4.23"]
[White "Vrbova, Niki"]
[Black "Machlik, Edit"]
[Result "1/2-1/2"]
[ECO "B12"]
[WhiteElo "2186"]
[BlackElo "2056"]
[Annotator ""]
[PlyCount "114"]
[EventDate "2016.??.??"]
[EventCountry "AZE"]
[SourceTitle "playchess.com"]
[Source "ChessBase"]
[WhiteTeam "Slovakia"]
[BlackTeam "Norway"]
[WhiteTeamCountry "SVK"]
[BlackTeamCountry "NOR"]
[TimeControl "40/5400+30:1800+30"]

1. e4 {(00:00)} c6 {(00:00)} 2. d4 {(00:00)} d5 {(
00:00)} 3. e5 {(00:00)} Bf5 {(00:00)} 4. Nf3 {(00:41)} e6
{(00:00)} 5. c3 {(02:50)} c5 {(01:32)} 6. Bd3 {(09:
31)} Bxd3 {(01:25)} 7. Qxd3 {(00:05)} Nc6 {(01:17)} 8.
dxc5 {(04:36)} Bxc5 {(01:06)} 9. O-O {(00:09)} Nge7 {
(03:49)} 10. Bf4 {(07:14)} Ng6 {(09:31)} 11. Bg3 {(
02:09)} O-O {(02:23)} 12. Nbd2 {(02:31)} a6 {(08:03)} 13.
Nb3 {(04:56)} Ba7 {(03:06)} 14. Rfe1 {(01:47)} Qc7 {
(06:05)} 15. Qd2 {(07:53)} Rac8 {(03:34)} 16. h4 {(
04:23)} Nge7 {(02:53)} 17. Bf4 {(08:05)} Na5 {(09:51)} 18.
h5 {(01:29)} Nc4 {(01:24)} 19. Qe2 {(03:05)} h6 {(
07:56)} 20. Rad1 {(05:34)} Nc6 {(08:22)} 21. g3 {(10:33)}
b5 {(00:49)} 22. Nbd4 {(03:54)} Nxd4 {(10:14)} 23. Nxd4 {
(01:14)} Qb8 {(01:29)} 24. Bc1 {(05:35)} Qb7 {(05:
19)} 25. a3 {(02:35)} Na5 {(01:40)} 26. Be3 {(05:33)} Nc4
{(00:29)} 27. Bc1 {(00:58)} Na5 {(00:04)} 28. Qc2 {
(01:47)} Nc6 {(02:51)} 29. Nxc6 {(01:09)} Rxc6 {(
00:09)} 30. Be3 {(01:11)} Rc4 {(02:38)} 31. Bxa7 {(01:11)}
Qxa7 {(00:01)} 32. Qd3 {(01:12)} Rfc8 {(01:00)} 33. Kg2 {
(00:46)} a5 {(02:02)} 34. f4 {(00:58)} b4 {(01:20)}
35. axb4 {(00:35)} axb4 {(00:02)} 36. cxb4 {(00:38)} Rxb4
{(00:26)} 37. Rd2 {(00:56)} Qa2 {(02:54)} 38. Ree2 {
(00:38)} Rb3 {(00:45)} 39. Qd4 {(00:25)} Rc4 {(00:
28)} 40. Qf2 {(00:00)} Qa6 {(00:00)} 41. f5 {(05:09)} Rg4
{(09:59)} 42. Re3 {(06:56)} Rxe3 {(03:01)} 43. Qxe3 {
(00:05)} Re4 {(03:02)} 44. Qc3 {(03:45)} exf5 {(09:
09)} 45. b4 {(02:03)} Qb7 {(01:28)} 46. b5 {(05:53)} Rc4 {
(03:05)} 47. Qf3 {(04:28)} Qxb5 {(01:35)} 48. Rxd5 {
(00:29)} Qb1 {(01:52)} 49. Rd8+ {(00:22)} Kh7 {(00:
04)} 50. Rd2 {(04:50)} Qe4 {(03:39)} 51. Qxe4 {(00:16)}
Rxe4 {(00:17)} 52. Rd7 {(00:33)} Rxe5 {(00:26)} 53. Rxf7 {
(00:05)} Kg8 {(00:07)} 54. Ra7 {(00:14)} Kf8 {(00:
33)} 55. Kf3 {(00:14)} Rb5 {(01:29)} 56. Kf4 {(00:22)} Rc5
{(00:24)} 57. Rb7 {(00:48)} Ra5 {(00:14] Ke4} 1/2-1/2

[Event "42nd Olympiad Baku 2016 Women"]
[Site "Baku"]
[Date "2016.09.05"]
[Round "4.16"]
[White "Vujnovic, Patricija"]
[Black "Manova, Ivana"]
[Result "1-0"]
[ECO "C49"]
[WhiteElo "2137"]
[BlackElo "1724"]
[Annotator ""]
[PlyCount "25"]
[EventDate "2016.??.??"]
[EventCountry "AZE"]
[SourceTitle "playchess.com"]
[Source "ChessBase"]
[WhiteTeam "Croatia"]
[BlackTeam "Macedonia"]
[WhiteTeamCountry "CRO"]
[BlackTeamCountry "MKD"]
[TimeControl "40/5400+30:1800+30"]

1. e4 {(00:00)} e5 {(00:00)} 2. Nf3 {(00:00)} Nc6 {
(00:00)} 3. Nc3 {(00:00)} Nf6 {(02:06)} 4. Bb5 {(
00:00)} Bb4 {(04:01)} 5. O-O {(00:19)} d6 {(05:12)} 6. Nd5
{(00:35)} Bc5 {(10:03)} 7. b4 {(00:38)} Bb6 {(05:
24)} 8. d4 {(00:28)} Bd7 {(09:40)} 9. Bg5 {(08:03)} exd4 {
(07:04)} 10. Re1 {(13:52)} O-O {(06:17)} 11. Qd2 {(
13:46)} a6 {(17:08)} 12. Bxf6 {(02:02)} gxf6 {(11:34)} 13.
Qh6 1-0

[Event "42nd Olympiad Baku 2016 Women"]
[Site "Baku"]
[Date "2016.09.05"]
[Round "4.26"]
[White "Wafa, Shrook"]
[Black "Javakhishvili, Lela"]
[Result "0-1"]
[ECO "B40"]
[WhiteElo "2106"]
[BlackElo "2486"]
[Annotator ""]
[PlyCount "100"]
[EventDate "2016.??.??"]
[EventCountry "AZE"]
[SourceTitle "playchess.com"]
[Source "ChessBase"]
[WhiteTeam "Egypt"]
[BlackTeam "Georgia"]
[WhiteTeamCountry "EGY"]
[BlackTeamCountry "GEO"]
[TimeControl "40/5400+30:1800+30"]

1. e4 {(00:00)} c5 {(00:00)} 2. Nf3 {(00:00)} e6 {(
00:00)} 3. Nc3 {(00:00)} a6 {(00:00)} 4. g3 {(00:35)} b5 {
(00:23)} 5. Bg2 {(00:11)} Bb7 {(00:24)} 6. d3 {(00:
13)} Nf6 {(05:20)} 7. O-O {(01:13)} b4 {(01:10)} 8. Ne2 {
(01:10)} d5 {(03:36)} 9. exd5 {(02:38)} Nxd5 {(04:
59)} 10. c3 {(06:38)} Nd7 {(04:53)} 11. d4 {(03:23)} Be7 {
(11:37)} 12. Re1 {(04:49)} O-O {(03:34)} 13. Nf4 {(
02:20)} Rc8 {(09:16)} 14. Qe2 {(07:02)} Nxf4 {(03:52)} 15.
Bxf4 {(00:22)} cxd4 {(04:54)} 16. cxd4 {(00:44)} Nf6 {
(01:54)} 17. Rac1 {(05:47)} Qa5 {(03:04)} 18. b3 {(
04:57)} Nd5 {(02:23)} 19. Bg5 {(02:24)} Rc3 {(06:38)} 20.
Bxe7 {(02:17)} Nxe7 {(00:10)} 21. Rxc3 {(01:21)} bxc3 {
(00:07)} 22. Qc2 {(00:17)} Nf5 {(06:35)} 23. g4 {(
08:58)} Bxf3 {(04:49)} 24. gxf5 {(00:20)} Bxg2 {(01:03)}
25. Kxg2 {(00:25)} Qd5+ {(05:58)} 26. Qe4 {(06:18)} Qxe4+
{(03:20)} 27. Rxe4 {(00:05)} exf5 {(00:43)} 28. Re2 {
(02:33)} Rd8 {(01:41)} 29. Kf3 {(00:40)} g5 {(03:
15)} 30. Ke3 {(01:44)} Rd6 {(03:35)} 31. Kd3 {(00:52)} Rc6
{(02:09)} 32. Rc2 {(01:57)} Rh6 {(00:29)} 33. Kxc3 {
(01:50)} Rxh2 {(00:09)} 34. d5 {(00:41)} Kf8 {(00:
51)} 35. Re2 {(01:29)} Rh1 {(00:31)} 36. Re5 {(03:54)} h6
{(01:47)} 37. Kd4 {(01:54)} f4 {(01:02)} 38. Kc5 {(
00:52)} Rc1+ {(01:16)} 39. Kb6 {(00:12)} f6 {(00:48)} 40.
Re6 {(00:00)} Kf7 {(00:00)} 41. Rc6 {(03:34)} Rd1 {
(00:56)} 42. d6 {(00:31)} g4 {(02:18)} 43. Rc4 {(
05:41)} g3 {(02:24)} 44. fxg3 {(01:00)} fxg3 {(00:18)} 45.
Rg4 {(01:01)} Rxd6+ {(00:22)} 46. Kb7 {(00:33)} Rd3 {
(00:16)} 47. Kxa6 {(00:11)} h5 {(00:13)} 48. Rc4 {(
00:09)} g2 {(00:10)} 49. Rc1 {(00:06)} h4 {(00:05)} 50. b4
{(00:06)} h3 {(00:09)} 0-1

[Event "42nd Olympiad Baku 2016 Women"]
[Site "Baku"]
[Date "2016.09.05"]
[Round "4.21"]
[White "Wakuruwarewa, Colletta"]
[Black "Vilhete, Vania Fausto Da T"]
[Result "1/2-1/2"]
[ECO "B90"]
[WhiteElo "1716"]
[BlackElo "1741"]
[Annotator ""]
[PlyCount "100"]
[EventDate "2016.??.??"]
[EventCountry "AZE"]
[SourceTitle "playchess.com"]
[Source "ChessBase"]
[WhiteTeam "Zimbabwe"]
[BlackTeam "Mozambique"]
[WhiteTeamCountry "ZIM"]
[BlackTeamCountry "MOZ"]
[TimeControl "40/5400+30:1800+30"]

1. e4 {(00:00)} c5 {(00:00)} 2. Nf3 {(00:00)} d6 {(
00:00)} 3. d4 {(00:00)} cxd4 {(00:00)} 4. Nxd4 {(00:05)}
Nf6 {(00:00)} 5. Nc3 {(00:26)} a6 {(00:00)} 6. Be3 {
(00:40)} e5 {(00:07)} 7. Nf3 {(00:55)} Be6 {(00:18]
} 8. h3 {(03:18)} Be7 {(01:52)} 9. Be2 {(02:39)} Qc7 {
(00:36)} 10. O-O {(00:58)} O-O {(00:13)} 11. Nd5 {(
03:19)} Bxd5 {(00:54)} 12. exd5 {(00:48)} Nbd7 {(00:37)}
13. c4 {(02:22)} Rfe8 {(13:39)} 14. Rc1 {(01:10)} Rac8 {
(11:38)} 15. Qd2 {(00:56)} Ne4 {(13:23)} 16. Qc2 {(
04:03)} Ndf6 {(02:59)} 17. Rfd1 {(00:34)} b5 {(07:45)} 18.
b3 {(03:20)} bxc4 {(01:06)} 19. bxc4 {(01:11)} Rb8 {
(06:03)} 20. Nd2 {(08:24)} Nc5 {(02:36)} 21. Rb1 {(
00:37)} Rec8 {(04:55)} 22. Rxb8 {(01:02)} Rxb8 {(00:06)}
23. Rb1 {(00:42)} h6 {(03:22)} 24. Kh2 {(01:01)} Bd8 {
(03:47)} 25. Rxb8 {(03:00)} Qxb8 {(02:17)} 26. Qb1 {
(01:13)} Qc8 {(05:41)} 27. Nf1 {(02:18)} Nfe4 {(00:
54)} 28. Qc2 {(06:05)} Ba5 {(07:40)} 29. Ng3 {(04:20)} Nc3
{(07:38)} 30. Nf5 {(03:05)} Qc7 {(00:31)} 31. Bf1 {
(04:18)} N5e4 {(01:21)} 32. f3 {(01:33)} Nc5 {(00:
18)} 33. Ng3 {(08:50)} Qb8 {(01:57)} 34. Bxc5 {(00:41)}
dxc5 {(00:12)} 35. Ne4 {(01:04)} Nxe4 {(01:21)} 36. Qxe4 {
(00:17)} Bc3 {(00:29)} 37. Bd3 {(00:35)} g6 {(00:
17)} 38. Kh1 {(00:56)} Bd4 {(00:22)} 39. Qe2 {(00:51)} Qb4
{(01:20)} 40. g4 {(00:00)} Qc3 {(00:00)} 41. h4 {(
05:06)} Qc1+ {(02:33)} 42. Qf1 {(01:22)} Qf4 {(00:36)} 43.
Kg2 {(00:54)} Qd2+ {(02:57)} 44. Qe2 {(00:14)} Qf4 {
(01:14)} 45. Qe4 {(08:31)} Qc1 {(05:25)} 46. Bf1 {(
00:51)} Qd2+ {(00:16)} 47. Qe2 {(00:10)} Qf4 {(00:21)} 48.
Qe4 {(06:24)} Qd2+ {(01:45)} 49. Qe2 {(02:26)} Qf4 {
(02:35)} 50. Qe4 {(03:24)} Qd2+ {(00:59)} 1/2-1/2

[Event "42nd Olympiad Baku 2016 Women"]
[Site "Baku"]
[Date "2016.09.05"]
[Round "4.21"]
[White "Wang, Chengjia"]
[Black "Latreche, Sabrina"]
[Result "1/2-1/2"]
[ECO "C50"]
[WhiteElo "2017"]
[BlackElo "2059"]
[Annotator ""]
[PlyCount "86"]
[EventDate "2016.??.??"]
[EventCountry "AZE"]
[SourceTitle "playchess.com"]
[Source "ChessBase"]
[WhiteTeam "Korea"]
[BlackTeam "Algeria"]
[WhiteTeamCountry "KOR"]
[BlackTeamCountry "ALG"]
[TimeControl "40/5400+30:1800+30"]

1. e4 {(00:00)} e5 {(00:00)} 2. Nf3 {(00:00)} Nc6 {
(00:00)} 3. Bc4 {(00:00)} Bc5 {(00:07)} 4. Nc3 {(
00:00)} Nf6 {(00:36)} 5. d3 {(00:10)} h6 {(00:22)} 6. a3 {
(00:19)} d6 {(00:25)} 7. h3 {(00:10)} Be6 {(00:36)}
8. Bxe6 {(02:27)} fxe6 {(00:05)} 9. Be3 {(00:29)} Bb6 {
(01:21)} 10. Bxb6 {(01:15)} axb6 {(00:06)} 11. O-O {
(00:55)} O-O {(00:26)} 12. d4 {(04:08)} exd4 {(03:
24)} 13. Nxd4 {(00:06)} Nxd4 {(00:04)} 14. Qxd4 {(00:03)}
Nh5 {(01:55)} 15. Qc4 {(03:12)} Nf4 {(05:39)} 16. Kh2 {
(10:17)} d5 {(07:58)} 17. exd5 {(05:24)} exd5 {(00:
16)} 18. Qd4 {(00:29)} c5 {(05:12)} 19. Qd2 {(04:16)} d4 {
(04:42)} 20. Ne2 {(02:18)} Nd5 {(01:10)} 21. c3 {(
04:17)} dxc3 {(06:09)} 22. Nxc3 {(00:37)} Qc7+ {(02:43)}
23. Kg1 {(01:19)} Nf4 {(00:30)} 24. Ne2 {(04:59)} Rad8 {
(04:20)} 25. Qc2 {(00:47)} Nxe2+ {(06:18)} 26. Qxe2 {
(00:06)} Rfe8 {(00:16)} 27. Qc4+ {(06:20)} Qf7 {(
01:11)} 28. Qc2 {(01:42)} Rd4 {(02:03)} 29. Rad1 {(02:59)}
Rde4 {(15:24)} 30. Rd6 {(05:05)} Re2 {(00:05)} 31. Rd2 {
(00:24)} Re1 {(05:47)} 32. Rd1 {(02:42)} R1e2 {(01:
57)} 33. Rd2 {(00:09)} Re1 {(01:31)} 34. Rd1 {(00:04)}
R1e6 {(00:56)} 35. Qb3 {(04:25)} Rf6 {(06:29)} 36. Qxf7+ {
(10:01)} Kxf7 {(00:19)} 37. Rfe1 {(00:33)} Rxe1+ {(
01:31)} 38. Rxe1 {(00:03)} Rd6 {(00:05)} 39. Kf1 {(02:06)}
Rd2 {(01:23)} 40. Re2 {(00:00)} Rd1+ {(00:00)} 41. Re1 {
(00:12)} Rd2 {(04:00)} 42. Re2 {(00:04)} Rd1+ {(00:
05)} 43. Re1 {(00:05)} Rd2 {(00:03)} 1/2-1/2

[Event "42nd Olympiad Baku 2016 Women"]
[Site "Baku"]
[Date "2016.09.05"]
[Round "4.32"]
[White "Wong, Linda Jane"]
[Black "Smith, Melisha"]
[Result "1-0"]
[ECO "B44"]
[WhiteElo "1351"]
[BlackElo "1719"]
[Annotator ""]
[PlyCount "47"]
[EventDate "2016.??.??"]
[EventCountry "AZE"]
[SourceTitle "playchess.com"]
[Source "ChessBase"]
[WhiteTeam "Taiwan"]
[BlackTeam "Jamaica"]
[WhiteTeamCountry "TPE"]
[BlackTeamCountry "JAM"]
[TimeControl "40/5400+30:1800+30"]

1. e4 {(00:00)} c5 {(00:00)} 2. Nf3 {(00:00)} e6 {(
00:00)} 3. d4 {(00:02)} cxd4 {(00:03)} 4. Nxd4 {(00:08)}
Nc6 {(00:10)} 5. Be2 {(03:39)} Qc7 {(01:01)} 6. O-O {
(01:07)} Nxd4 {(02:26)} 7. Qxd4 {(03:32)} Qxc2 {(
00:24)} 8. Nc3 {(01:31)} b6 {(11:53)} 9. Bd3 {(02:39)} Bc5
{(03:06)} 10. Qc4 {(09:06)} d5 {(10:03)} 11. exd5 {
(04:16)} exd5 {(02:33)} 12. Qxd5 {(01:07)} Qxd3 {(
21:30)} 13. Qxd3 {(01:02)} Nf6 {(00:08)} 14. Bg5 {(00:50)}
O-O {(01:12)} 15. Bxf6 {(00:45)} gxf6 {(00:02)} 16. Qf3 {
(00:31)} Ba6 {(00:37)} 17. Rfd1 {(01:36)} Rae8 {(
03:50)} 18. Re1 {(10:13)} Rd8 {(02:29)} 19. Rad1 {(01:39)}
Rxd1 {(02:38)} 20. Rxd1 {(00:50)} Re8 {(00:46)} 21. h4 {
(01:57)} Kg7 {(01:48)} 22. Ne4 {(05:05)} Be7 {(10:
00)} 23. Rd7 {(04:10)} Bb5 {(00:50)} 24. Rxe7 {(01:26)}
1-0